AoeStats
← SharanamGanesha

Nomad

508092299Analyzed
3v3 RM · 11d ago on Sep 20, 2026· 30m 8s· 6 players
Game mode
Random Map
Map size
210×210
Population
200
Speed
Normal
Resources
Standard
Victory
Conquest
Starting age
Dark Age
Ending age
Imperial Age
RankedLock teamsTeams togetherTeam positionsShared explorationLock speedFull tech treeHidden civsTurbo modeCheats
Victory
Defeat
🇨🇴 Italians · Colombia
982
+14
🇨🇴 Byzantines · Colombia
939
+15
🇨🇴 Persians · Colombia
928
+16
🇳🇮 Aztecs · Nicaragua
945
-46
🇺🇦 Slavs · Ukraine
931
-15
🇲🇽 Goths · Mexico
912
-14
SharanamGanesha
14:53 Feudal Age
16:05 Double-Bit Axe
16:06 Horse Collar
16:47 Town Watch
ascfska
3:10 Loom
16:19 Feudal Age
22:31 Man-at-Arms
25:59 Castle Age
24:24 Fletching
26:20 Double-Bit Axe
26:28 Gold Mining
28:11 Bodkin Arrow
Malum Caedo
6:01 Loom
FELIPE41
3:34 Loom
17:05 Feudal Age
17:37 Double-Bit Axe
18:16 Fishing Lines
23:57 Stone Mining
26:02 Fletching
29:41 Castle Age
28:21 Wheelbarrow
29:56 Scale Barding Armor
GPRK | LORD JOHFRE
6:26 Loom
14:43 Feudal Age
16:02 Double-Bit Axe
16:36 Bloodlines
17:12 Man-at-Arms
21:21 Gold Mining
26:13 Castle Age
24:41 Fishing Lines
26:08 Forging
26:04 Scale Barding Armor
28:17 Wheelbarrow
28:28 Iron Casting
28:32 Husbandry
29:20 Bow Saw
30:41 Chain Barding Armor
ZEJER
8:32 Loom
14:05 Feudal Age
14:51 Double-Bit Axe
19:17 Fletching
21:34 Castle Age
23:06 Wheelbarrow
22:28 Gold Mining
22:29 Stone Mining
25:14 Stone Shaft Mining
24:11 Crossbowman
24:57 Thumb Ring
27:05 Ballistics
26:26 Treadmill Crane
26:42 Murder Holes
30:31 Silk Road
Connection lost

Rejoining the realm…

Still unreachable

The connection could not be restored.

Session expired

The server has moved on; the page needs a fresh start.